 Dungeon Crawl Stone Soup version 0.29-a0-23-ga79f92a (webtiles) character file.

Game seed: 16207519378829314926

730 Illumine the Chopper (level 7, -3/59 HPs)
             Began as a Palentonga Berserker on Jan 30, 2022.
             Was a Priest of Trog.
             Killed from afar by a steam dragon (5 damage)
             ... with a ball of steam
             ... on level 6 of the Dungeon.
             The game lasted 00:05:41 (4232 turns).

Illumine the Chopper (Palentonga Berserker)         Turns: 4232, Time: 00:05:42

Health: -3/59      AC: 16    Str: 23    XL:     7   Next: 44%
Magic:  7/7        EV:  8    Int:  7    God:    Trog [***...]
Gold:   149        SH:  0    Dex:  9    Spells: 6/6 levels left

rFire   . . .      SeeInvis +   a - +0 hand axe
rCold   + . .      Faith    .   (no shield)
rNeg    . . .      Spirit   .   v - +1 scale mail {rC+}
rPois   .          Reflect  .   (no helmet)
rElec   .          Harm     .   (no cloak)
rCorr   .          Rampage  .   l - +0 pair of gloves
Will    .....                   (no barding)
Stlth   ..........              (no amulet)
HPRegen 0.19/turn               (no ring)
MPRegen 0.10/turn               (no ring)

@: about to teleport, curled up
A: large, rugged brown scales 3, see invisible, deformed body, roll 1, armoured
tail, reflexive curl
a: Rolling Charge, Renounce Religion, Berserk, Trog's Hand


You were on level 6 of the Dungeon.
You worshipped Trog.
Trog was most pleased with you.
You visited 1 branch of the dungeon, and saw 6 of its levels.

You collected 149 gold pieces.

Inventory:

Hand Weapons
 a - a +0 hand axe (weapon)
Missiles
 h - 4 poisoned darts
Armour
 b - a +0 animal skin
 g - a +0 chain mail
 l - a +0 pair of gloves (worn)
 v - a +1 scale mail of cold resistance (worn)
Jewellery
 k - a ring of protection from cold
Scrolls
 c - 3 scrolls of teleportation
 d - a scroll of fear {unknown}
 e - a scroll of immolation {unknown}
 j - 2 scrolls of noise {unknown}
 m - a scroll of silence {unknown}
 n - 2 scrolls of enchant armour {unknown}
 o - 3 scrolls of identify {unknown}
 r - a scroll of summoning {unknown}
 t - a scroll of blinking {unknown}
 u - a scroll of amnesia {unknown}
 w - a scroll of fog {unknown}
Potions
 f - a potion of attraction {unknown}
 i - a potion of heal wounds {unknown}
 p - a potion of cancellation {unknown}
 q - a potion of curing
 s - a potion of resistance {unknown}


   Skills:
 + Level 5.0 Fighting
 * Level 6.5 Axes
 + Level 3.6 Armour
 - Level 2.0 Dodging


You had 6 spell levels left.
You didn't know any spells.
Your spell library was empty.

Dungeon Overview and Level Annotations

Branches:
Dungeon (6/15)
 Temple: D:4-7

Altars:
Elyvilon
Makhleb
Qazlal
Sif Muna


Innate Abilities, Weirdness & Mutations

You are completely covered in rugged brown scales. (AC +3, +7% HP)
You have supernaturally acute eyesight. (SInv)
Armour fits poorly on your strangely shaped body.
You can roll at nearby foes to attack.
You have a long armoured tail.
You curl defensively after being hit. (AC +7*)


Message History

The ball of steam misses you.
The steam dragon moves out of view. x2
You're standing in a cloud of steam!
Unknown command.
The fungus is engulfed in a cloud of scalding steam.
A nearby fungus withers and dies.
The steam dragon breathes steam at you. The ball of steam hits you!!
There's nothing you can charge at!
Unknown command.
Roll where?
Press: ? - help, Dir - move target, f - steam dragon
Aim: a steam dragon You roll forward with a clatter of scales!
You completely miss the steam dragon. The steam dragon breathes steam at you.
The ball of steam hits you!! The steam dragon barely misses you.
The steam dragon claws you.
* * * LOW HITPOINT WARNING * * *
You hit the steam dragon.
The steam dragon is lightly wounded.
The steam dragon bites you!
* * * LOW HITPOINT WARNING * * *
The steam dragon claws you.
* * * LOW HITPOINT WARNING * * *
Unknown command.
It was a potion of curing.
You feel better. The steam dragon breathes steam at you.
The ball of steam misses you.
The steam dragon bites you but does no damage.
The steam dragon claws you but does no damage.
The steam dragon bites you!
* * * LOW HITPOINT WARNING * * *
The steam dragon claws you but does no damage.
As you read the scroll of teleportation, it crumbles to dust.
You feel strangely unstable.
The steam dragon bites you but does no damage.
The steam dragon claws you but does no damage.
The steam dragon breathes steam at you. The ball of steam hits you.
You die...

.....# ##........
....# #.........
...# #.........
#..# #....##...
##..## #>...##...
#....# #.........
#....# ##........
#....# #........
#@§..# #........
#D§..# #.<.#####
##.D.# #...##...
##...# #†.......
#....# ##.......
#..##≈≈.PP#.......
#.## .≈.≈.#######+
#.# ....^P####...
#.# ....PP#......


You could see 2 steam dragons.

Vanquished Creatures
  An ogre (D:6)
  2 centaurs
  2 scorpions
  A bullfrog zombie (D:6)
  2 orc priests (D:4)
  A centaur skeleton (D:4)
  2 hounds (D:4)
  Terence (D:2)
  An iguana (D:5)
  A hound skeleton (D:4)
  5 adders
  A white imp (D:5)
  2 worms
  A dart slug (D:3)
  4 orcs (D:4)
  6 ball pythons
  5 bats
  9 endoplasms
  5 giant cockroaches
  4 hobgoblins
  4 jackals (D:2)
  3 quokkas
  7 frilled lizards
  9 goblins
  7 kobolds
  7 rats
93 creatures vanquished.

Vanquished Creatures (others)
  2 fungi (D:6)
  10 plants (D:4)
12 creatures vanquished.

Grand Total: 105 creatures vanquished

Notes
Turn   | Place    | Note
-------+----------+-------------------------------------------
     0 | D:1      | Illumine the Palentonga Berserker began the quest for the
                  | Orb.
     0 | D:1      | Reached XP level 1. HP: 19/19 MP: 1/1
    55 | D:1      | Reached XP level 2. HP: 12/25 MP: 2/2
   505 | D:1      | Reached XP level 3. HP: 30/31 MP: 3/3
   634 | D:1      | Reached ** piety under Trog
   766 | D:2      | Found a faded altar of an unknown god.
   766 | D:2      | Noticed Terence
   781 | D:2      | Killed Terence
   782 | D:2      | Reached skill level 4 in Axes
   782 | D:2      | Reached XP level 4. HP: 37/37 MP: 4/4
  1415 | D:3      | Found a shimmering blue altar of Sif Muna.
  1705 | D:3      | Noticed a centaur
  1712 | D:3      | Killed a centaur
  1713 | D:3      | Reached XP level 5. HP: 18/44 MP: 5/5
  2327 | D:4      | Reached skill level 5 in Axes
  2578 | D:4      | Noticed an ogre
  2637 | D:4      | Reached XP level 6. HP: 48/51 MP: 6/6
  2643 | D:4      | Reached *** piety under Trog
  2850 | D:4      | Found a white marble altar of Elyvilon.
  2932 | D:4      | Found a burning altar of Makhleb.
  3616 | D:5      | Entered Level 5 of the Dungeon
  3616 | D:5      | Noticed an ice beast
  3628 | D:5      | Found a stormy altar of Qazlal.
  3931 | D:6      | Reached skill level 6 in Axes
  3931 | D:6      | Gained mutation: You curl defensively after being hit. (AC
                  | +7*) [Palentonga growth]
  3931 | D:6      | Reached XP level 7. HP: 58/58 MP: 7/7
  3978 | D:6      | Reached skill level 5 in Fighting
  4216 | D:6      | Noticed a steam dragon
  4216 | D:6      | Noticed a steam dragon
  4230 | D:6      | HP: 1/59 [steam dragon (8)]
  4232 | D:6      | Killed from afar by a steam dragon

Illustrated notes

Levels and vault maps discovered:
D:1:      lightli_arrival_quake, layout_rooms, minmay_octomino_c4
D:2:      layout_loops_ring, hellmonk_ecumenical_altar_dog_temple, uniq_terence
D:3:      layout_loops_cross, led_sif_pool
D:4:      nicolae_cairo_tiling_large_dashed, layout_loops_ring,
          mainiacjoe_overflow_boulevard, mainiacjoe_overflow_brackets,
          serial_bayou, serial_bayou_lake_a, serial_bayou_shore_b,
          serial_bayou_lagoon_b, serial_bayou_pond_e, grunt_ministairs_6
D:5:      layout_rooms, overflow_temple_1_default,
          lemuel_coloured_pillars_altar, minmay_hedge_maze, st_stairs_4,
          nicolae_stop_n_shop_1
D:6:      kennysheep_steamy, layout_gridville, minmay_temple_entry_stoned_glass,
          corexii_corridor_pit

Skill      XL: |  1  2  3  4  5  6  7 |
---------------+----------------------+-----
Armour         | 2 3 |  3.6
Axes           | 4 5 6 |  6.5
Fighting       | 4 5 |  5.0
Dodging        | 2 |  2.0

Action                   |  1- 3 |  4- 6 |  7- 9 || total
-------------------------+-------+-------+-------++-------
Melee: Hand axe          |    78 |   176 |    14 ||   268
       Tailslap          |     6 |    25 |     2 ||    33
       Punch             |     3 |     1 |       ||     4
Invok: Berserk           |     2 |     2 |     1 ||     5
 Abil: Rolling Charge    |    10 |    26 |     2 ||    38
  Use: Scroll            |     1 |       |     1 ||     2
       Potion            |       |       |     1 ||     1
Armor: Animal skin       |    21 |       |       ||    21
       Chain mail        |    32 |    76 |       ||   108
       Scale mail        |       |    14 |    19 ||    33
Dodge: Dodged            |    23 |    54 |    12 ||    89

Table legend: (Time is in decaauts)
 A = Elapsed time spent in this place.
 B = Non-inter-level travel time spent in this place.
 C = Inter-level travel time spent in this place.
 D = Time resting spent in this place.
 E = Time spent auto-exploring this place.
 F = Levels seen in this place.
 G = Mean time per level.
                   A        B        C        D        E       F      G
               +--------+--------+--------+--------+--------+-----+--------+
         Total |   4353 |   4236 |    117 |    983 |   2495 |   6 |  725.5 |
       Dungeon |   4353 |   4236 |    117 |    983 |   2495 |   6 |  725.5 |
               +--------+--------+--------+--------+--------+-----+--------+

Top non-repeatable levels by time:
     D:4: 1171 daAuts
     D:3: 1127 daAuts
     D:2: 737 daAuts
     D:1: 698 daAuts
     D:6: 357 daAuts
     D:5: 260 daAuts
